 Dungeon Crawl Stone Soup version 0.31-a0-145-g046c7d2549 (webtiles) character file.

Game seed: 12951188515053752924

161 NateTC the Ruffian (level 5, -1/53 HPs)
             Began as a Troll Fighter on June 7, 2023.
             Slain by a gnoll
             ... wielding a +0 flail
             ... led by a gnoll bouda
              (7 damage)
             ... on level 4 of the Dungeon.
             The game lasted 00:04:02 (1888 turns).

NateTC the Ruffian (Troll Fighter)                  Turns: 1888, Time: 00:04:03

Health: -1/53      AC:  4    Str: 26    XL:     5   Next: 19%
Magic:  4/4        EV:  9    Int:  4    God:
Gold:   177        SH:  8    Dex:  9    Spells: 4/4 levels left

rFire   . .          .
                       - Unarmed
rCold   + . .        b - +0 kite shield
rNeg    . . .        a - +0 robe
rPois   .            (helmet restricted)
rElec   .            (no cloak)
rCorr   .            (gloves unavailable)
SInv    .            (boots unavailable)
Will    .....        (no amulet)
Stlth   +            e - ring of protection from cold
HPRegen 1.08/turn    (no ring)
MPRegen 0.09/turn

%: no passive effects
@: no status effects
A: large, unfitting armour, claws 3, regeneration 1, shaggy fur 1, tough skin 1
a: no special abilities


You were on level 4 of the Dungeon.
You visited 1 branch of the dungeon, and saw 4 of its levels.

You collected 177 gold pieces.

Inventory:

Armour
 a - a +0 robe (worn)
 b - a +0 kite shield (worn)
Jewellery
 e - a ring of protection from cold (left claw)
Scrolls
 c - a scroll of fog
 f - a scroll of teleportation
 h - a scroll of identify
 j - a scroll of amnesia
Potions
 d - a potion of mutation
 g - 2 potions of attraction
 i - a potion of cancellation {unknown}
 k - a potion of enlightenment


   Skills:
 + Level 3.1 Fighting
 - Level 2.4 Dodging
 + Level 3.5 Shields
 * Level 4.1 Unarmed Combat


You had 4 spell levels left.
You didn't know any spells.
Your spell library was empty.

Dungeon Overview and Level Annotations

Branches:
Dungeon (4/15) Zot: 22105
 Temple: D:4-7

Altars:
Vehumet

Shops:
D:1 ?((


Innate Abilities, Weirdness & Mutations

You are too large for most types of armour.
You have claws for hands.
Your natural rate of healing is unusually fast.
You are covered in fur. (AC +1)
You have tough skin. (AC +1)


Message History

Found an escape hatch in the floor.
The gnoll completely misses you.
Okay, then.
You are too injured to fight recklessly!
You claw the gnoll!
The gnoll is heavily wounded.
The gnoll bouda gazes fiercely through you!
You feel as though you will be weak longer.
The gnoll hits you with a +0 flail!
* * * LOW HITPOINT WARNING * * *
Press: ? - help, v - describe, . - travel
Here: a gnoll bouda, wielding a +0 whip and wearing a +0 robe (heavily wounded)
The floor.
You closely miss the gnoll.
The gnoll is heavily wounded.
The gnoll closely misses you.
You closely miss the gnoll.
The gnoll is heavily wounded.
You scratch the gnoll bouda.
The gnoll bouda is severely wounded.
You claw the gnoll bouda!
You kill the gnoll bouda!
The gnoll is no longer moving quickly.
Your Unarmed Combat skill increases to level 4!
You have reached level 5!
You closely miss the gnoll.
The gnoll is heavily wounded.
Your attacks no longer feel as feeble.
The gnoll hits you with a +0 flail!
* * * LOW HITPOINT WARNING * * *
Okay, then.
You barely miss the gnoll.
The gnoll is heavily wounded.
You block the gnoll's attack.
You scratch the gnoll.
The gnoll is almost dead.
The gnoll is no longer moving quickly.
You block the gnoll's attack.
You barely miss the gnoll.
The gnoll is almost dead.
The gnoll hits you with a +0 flail!
You die...

## .# .# #.## .#
...### ##.# ...... ..
>..# ...# ... #..#
...# #.# #..#####.
...# #.# #....>...
...# #.# #@# ...#
#.### ###g# #.##
##...## #.gg#
#.####.....# #..g#
...........###...####
######.......†.)....#
##...$........<#
#####......?...g....
###....#####..##


You could see 4 gnolls.

Vanquished Creatures
  A scorpion (D:3)
  A gnoll bouda (D:4)
  An adder (D:3)
  3 worms (D:2)
  A dart slug (D:2)
  An orc (D:3)
  6 endoplasms
  3 giant cockroaches
  4 goblins
  8 hobgoblins
  7 kobolds
  A quokka (D:3)
  8 ball pythons
  3 bats (D:2)
  2 frilled lizards
  5 rats
55 creatures vanquished.

Notes
Turn   | Place    | Note
-------+----------+-------------------------------------------
     0 | D:1      | NateTC the Troll Fighter began the quest for the Orb.
     0 | D:1      | Reached XP level 1. HP: 22/22 MP: 0/0
    27 | D:1      | Found Kimnirchoale's Magic Scroll Shop.
   147 | D:1      | Found Xoxzyol's Weapon Emporium.
   151 | D:1      | Found Epyomup's Weapon Shoppe.
   319 | D:1      | Reached XP level 2. HP: 29/29 MP: 1/1
   601 | D:2      | Reached XP level 3. HP: 24/36 MP: 2/2
   612 | D:2      | Reached skill level 3 in Unarmed Combat
   694 | D:2      | Found the +6 shillelagh "Devastator" {shatter}
  1071 | D:3      | Found a radiant altar of Vehumet.
  1219 | D:3      | Noticed a scorpion
  1225 | D:3      | Killed a scorpion
  1226 | D:3      | Reached XP level 4. HP: 42/45 MP: 3/3
  1885 | D:4      | Reached skill level 4 in Unarmed Combat
  1885 | D:4      | Reached XP level 5. HP: 9/53 MP: 4/4
  1888 | D:4      | Slain by a gnoll

Illustrated notes

Levels and vault maps discovered:
D:1:      lightli_arrival_maybe_door_vault, layout_rooms, serial_shops,
          nicolae_shop_tiny_glass, nicolae_shop_tiny_waterfront, shop
D:2:      layout_basic
D:3:      minmay_spotlight, layout_loops_ring,
          mainiacjoe_overflow_six_doors_small
D:4:      layout_loops_ring

Skill      XL: |  1  2  3  4 |
---------------+-------------+-----
Shields        | 3 |  3.5
Unarmed Combat | 3 4 |  4.1
Fighting       | 3 |  3.1
Dodging        | |  2.4

Action                     |  1- 3 |  4- 6 || total
---------------------------+-------+-------++-------
  Melee: Unarmed           |    96 |    44 ||   140
    Use: Scroll            |     7 |     3 ||    10
         Potion            |     1 |       ||     1
   Stab: Sleeping          |     1 |       ||     1
 Armour: Robe              |    25 |     2 ||    27
  Dodge: Dodged            |    23 |    12 ||    35
  Block: Kite shield       |    30 |    17 ||    47

Table legend: (Time is in decaauts)
 A = Elapsed time spent in this place.
 B = Non-inter-level travel time spent in this place.
 C = Inter-level travel time spent in this place.
 D = Time resting spent in this place.
 E = Time spent auto-exploring this place.
 F = Levels seen in this place.
 G = Mean time per level.
                   A        B        C        D        E       F      G
               +--------+--------+--------+--------+--------+-----+--------+
         Total |   1893 |   1841 |     52 |    114 |   1300 |   4 |  473.2 |
       Dungeon |   1893 |   1841 |     52 |    114 |   1300 |   4 |  473.2 |
               +--------+--------+--------+--------+--------+-----+--------+

Top non-repeatable levels by time:
     D:3: 755 daAuts
     D:2: 620 daAuts
     D:1: 447 daAuts
     D:4: 70 daAuts
